[Event "FICS rated blitz game"]
[Site "FICS freechess.org"]
[FICSGamesDBGameNo "20003209"]
[White "Yerffej"]
[Black "Pandolfi"]
[WhiteElo "1103"]
[BlackElo "1503"]
[WhiteRD "na"]
[BlackRD "na"]
[TimeControl "120+12"]
[Date "1999.10.28"]
[Time "15:02:00"]
[WhiteClock "0:02:00.000"]
[BlackClock "0:02:00.000"]
[ECO "D00"]
[PlyCount "78"]
[Result "0-1"]

1. d4 d5 2. g3 e6 3. Bg2 Nf6 4. Nc3 Be7 5. Nf3 c6 6. O-O Nbd7 7. Bg5 h6 8. Bxf6 Nxf6 9. e4 dxe4 10. Ne5 Qb6 11. Bxe4 Nxe4 12. Nxe4 Qb5 13. b3 O-O 14. c4 Qb6 15. c5 Qb4 16. a3 Qa5 17. b4 Qc7 18. f4 b6 19. a4 bxc5 20. bxc5 f6 21. Ng6 Rd8 22. Nxe7+ Qxe7 23. Nd6 Ba6 24. Re1 Rab8 25. g4 Rb2 26. Qf3 Bb7 27. f5 e5 28. dxe5 fxe5 29. Qc3 Rb6 30. cxb6 Qxd6 31. bxa7 Qf6 32. Rxe5 Qg5 33. Qg3 Qd2 34. Re6 c5 35. Qh4 Qd4+ 36. Qf2 Qxa1+ 37. Qf1 Rd1 38. Re8+ Kf7 39. a8=Q Qd4+ {White resigns} 0-1

[Event "FICS rated lightning game"]
[Site "FICS freechess.org"]
[FICSGamesDBGameNo "20003208"]
[White "judd"]
[Black "Djoupil"]
[WhiteElo "1612"]
[BlackElo "1283"]
[WhiteRD "na"]
[BlackRD "na"]
[TimeControl "120+0"]
[Date "1999.10.28"]
[Time "14:38:00"]
[WhiteClock "0:02:00.000"]
[BlackClock "0:02:00.000"]
[ECO "B06"]
[PlyCount "54"]
[Result "0-1"]

1. e4 g6 2. d4 Bg7 3. Nc3 c6 4. Be3 d5 5. e5 Nh6 6. Qd2 Ng4 7. Bf4 f6 8. h3 fxe5 9. hxg4 exf4 10. Qxf4 Qd6 11. Qe3 Bxg4 12. Be2 Bxe2 13. Ngxe2 O-O 14. O-O-O e5 15. dxe5 Qxe5 16. Qh3 h6 17. f4 Qf6 18. g4 g5 19. fxg5 Qxg5+ 20. Kb1 Nd7 21. Rdg1 Rae8 22. Nd4 Bxd4 23. Qxh6 Qxh6 24. Rxh6 Bxg1 25. Rh8+ Kxh8 26. g5 Rf1+ 27. Nd1 Rxd1# {White checkmated} 0-1

[Event "FICS rated blitz game"]
[Site "FICS freechess.org"]
[FICSGamesDBGameNo "20003207"]
[White "OrientExpress"]
[Black "Iberville"]
[WhiteElo "1933"]
[BlackElo "2103"]
[WhiteRD "na"]
[BlackRD "na"]
[TimeControl "240+0"]
[Date "1999.10.28"]
[Time "13:53:00"]
[WhiteClock "0:04:00.000"]
[BlackClock "0:04:00.000"]
[ECO "B24"]
[PlyCount "101"]
[Result "1/2-1/2"]

1. e4 c5 2. Nc3 e6 3. g3 Nc6 4. Bg2 Nf6 5. d3 d5 6. Nge2 Be7 7. O-O O-O 8. Bg5 d4 9. Nb1 Nd7 10. Bxe7 Qxe7 11. Nd2 b6 12. a4 Bb7 13. f4 e5 14. f5 a6 15. Qe1 b5 16. Nf3 Nb4 17. Qd2 f6 18. c3 Nc6 19. g4 Rfd8 20. cxd4 Nxd4 21. Nexd4 exd4 22. g5 Ne5 23. gxf6 Nxf3+ 24. Rxf3 Qxf6 25. Raf1 c4 26. axb5 axb5 27. Rg3 c3 28. bxc3 dxc3 29. Qc2 Kh8 30. d4 Qxd4+ 31. Kh1 Rf8 32. Qxc3 Qxc3 33. Rxc3 Ra4 34. Rb3 Bxe4 35. Bxe4 Rxe4 36. Rxb5 h6 37. Rb7 Rf6 38. Rb8+ Kh7 39. Rb5 Rg4 40. Rg1 h5 41. h3 Rxg1+ 42. Kxg1 Kh6 43. h4 g6 44. fxg6 Rxg6+ 45. Kh2 Rg4 46. Kh3 Rg6 47. Rg5 Rxg5 48. hxg5+ Kxg5 49. Kg3 Kf5 50. Kh4 Ke4 51. Kxh5 {Neither player has mating material} 1/2-1/2

[Event "FICS rated blitz game"]
[Site "FICS freechess.org"]
[FICSGamesDBGameNo "20003206"]
[White "ChessThief"]
[Black "ErPon"]
[WhiteElo "1870"]
[BlackElo "1785"]
[WhiteRD "na"]
[BlackRD "na"]
[TimeControl "240+0"]
[Date "1999.10.28"]
[Time "13:49:00"]
[WhiteClock "0:04:00.000"]
[BlackClock "0:04:00.000"]
[ECO "C54"]
[PlyCount "66"]
[Result "0-1"]

1. e4 e5 2. Nf3 Nc6 3. Bc4 Bc5 4. c3 Nf6 5. d3 d5 6. exd5 Nxd5 7. O-O O-O 8. b4 Be7 9. b5 Na5 10. Nxe5 Bf6 11. f4 Bxe5 12. fxe5 Nxc4 13. dxc4 Nb6 14. c5 Nc4 15. Qd4 Qxd4+ 16. cxd4 Be6 17. Nd2 Ne3 18. Rf3 Nc2 19. Rb1 Nxd4 20. Ra3 Ne2+ 21. Kf2 Nxc1 22. Rxc1 Rfd8 23. Ne4 Rd4 24. b6 cxb6 25. cxb6 Rxe4 26. bxa7 Rb4 27. Rac3 h6 28. a3 Ra4 29. Ke3 R4xa7 30. Rc7 b5 31. Kf2 Rxc7 32. Rxc7 Rxa3 33. Rb7 Rb3 {White forfeits on time} 0-1

[Event "FICS rated blitz game"]
[Site "FICS freechess.org"]
[FICSGamesDBGameNo "20003205"]
[White "SBGiffy"]
[Black "TableDance"]
[WhiteElo "1862"]
[BlackElo "1866"]
[WhiteRD "na"]
[BlackRD "na"]
[TimeControl "180+0"]
[Date "1999.10.28"]
[Time "13:14:00"]
[WhiteClock "0:03:00.000"]
[BlackClock "0:03:00.000"]
[ECO "B50"]
[PlyCount "81"]
[Result "1-0"]

1. e4 c5 2. Nf3 d6 3. c3 Nf6 4. Be2 e6 5. O-O Nc6 6. d3 c4 7. Re1 cxd3 8. Bxd3 Qc7 9. Bc2 Be7 10. Bf4 O-O 11. Nbd2 Rd8 12. Nb3 a6 13. Qd3 b5 14. Rad1 Bb7 15. Nfd2 Ne5 16. Qh3 Ng6 17. Be3 d5 18. exd5 Rxd5 19. Nf3 Rad8 20. Rxd5 Rxd5 21. Ng5 Qd7 22. Nd4 h6 23. Ne4 Nxe4 24. Bxe4 Re5 25. Bc2 Bd6 26. Bb3 Bb8 27. Bd2 Qd6 28. Rxe5 Qxe5 29. Be3 Nf4 30. Qg3 Ne2+ 31. Nxe2 Qxg3 32. Nxg3 Kf8 33. Ne2 Ke7 34. Nd4 f6 35. Kf1 e5 36. Nf5+ Kf8 37. Ke2 Ke8 38. Nxg7+ Kd7 39. Nf5 Kc8 40. Nxh6 Kd8 41. Nf7+ {Black forfeits on time} 1-0

[Event "FICS rated blitz game"]
[Site "FICS freechess.org"]
[FICSGamesDBGameNo "20003203"]
[White "fell"]
[Black "nonfish"]
[WhiteElo "1518"]
[BlackElo "953"]
[WhiteRD "na"]
[BlackRD "na"]
[TimeControl "300+0"]
[Date "1999.10.28"]
[Time "11:58:00"]
[WhiteClock "0:05:00.000"]
[BlackClock "0:05:00.000"]
[ECO "C54"]
[PlyCount "41"]
[Result "1-0"]

1. e4 e5 2. Nf3 Nc6 3. Bc4 Bc5 4. c3 Nf6 5. d4 exd4 6. cxd4 Bb4+ 7. Bd2 Nxe4 8. Bxb4 Nxb4 9. Bxf7+ Kxf7 10. Qb3+ d5 11. Qxb4 Re8 12. Ne5+ Kg8 13. O-O Qg5 14. f4 Qe7 15. Qb3 c6 16. Nc3 b5 17. Nxe4 Kh8 18. Nc5 a5 19. Rae1 Qc7 20. Ng6+ hxg6 21. Rxe8+ {Black forfeits on time} 1-0

[Event "FICS rated blitz game"]
[Site "FICS freechess.org"]
[FICSGamesDBGameNo "20003202"]
[White "roylev"]
[Black "Leppur"]
[WhiteElo "1410"]
[BlackElo "1408"]
[WhiteRD "na"]
[BlackRD "na"]
[TimeControl "180+12"]
[Date "1999.10.28"]
[Time "11:53:00"]
[WhiteClock "0:03:00.000"]
[BlackClock "0:03:00.000"]
[ECO "C15"]
[PlyCount "33"]
[Result "0-1"]

1. e4 e6 2. d4 d5 3. Nc3 Bb4 4. a3 Bxc3+ 5. bxc3 dxe4 6. Qg4 Nf6 7. Qxg7 Rg8 8. Qh6 Rg6 9. Qh4 Bd7 10. Bg5 Ba4 11. Bxf6 Qxf6 12. Qxe4 Bc6 13. Qe3 Nd7 14. Nf3 O-O-O 15. d5 Bxd5 16. Qxa7 Qxc3+ 17. Kd1 {White resigns} 0-1

[Event "FICS rated blitz game"]
[Site "FICS freechess.org"]
[FICSGamesDBGameNo "20003201"]
[White "larsp"]
[Black "Steek"]
[WhiteElo "1623"]
[BlackElo "1303"]
[WhiteRD "na"]
[BlackRD "na"]
[TimeControl "120+12"]
[Date "1999.10.28"]
[Time "11:40:00"]
[WhiteClock "0:02:00.000"]
[BlackClock "0:02:00.000"]
[ECO "D00"]
[PlyCount "55"]
[Result "1-0"]

1. d4 Nf6 2. Nc3 d5 3. e4 dxe4 4. f3 exf3 5. Nxf3 Bg4 6. h3 Bh5 7. g4 Bg6 8. Ne5 e6 9. Bg2 Be7 10. Bxb7 Nbd7 11. Bxa8 Qxa8 12. O-O Nxe5 13. dxe5 Ne4 14. Qf3 Bc5+ 15. Be3 Bxe3+ 16. Qxe3 Nxc3 17. Qxc3 O-O 18. Rad1 Qe4 19. Rfe1 Qf4 20. Rf1 Qe4 21. Rd7 h6 22. Rxc7 a5 23. Rc8 Rxc8 24. Qxc8+ Kh7 25. Qc3 h5 26. gxh5 Bxh5 27. Qd3 Qxd3 28. cxd3 {Black resigns} 1-0

[Event "FICS rated blitz game"]
[Site "FICS freechess.org"]
[FICSGamesDBGameNo "20003199"]
[White "LRE"]
[Black "izzey"]
[WhiteElo "1111"]
[BlackElo "1041"]
[WhiteRD "na"]
[BlackRD "na"]
[TimeControl "180+12"]
[Date "1999.10.28"]
[Time "11:32:00"]
[WhiteClock "0:03:00.000"]
[BlackClock "0:03:00.000"]
[ECO "C47"]
[PlyCount "139"]
[Result "0-1"]

1. e4 e5 2. Nf3 Nc6 3. Nc3 Bc5 4. g3 Nf6 5. Bg2 Ng4 6. O-O Nd4 7. Nd5 c6 8. Nc3 Qb6 9. Na4 Qa5 10. Nxc5 Qxc5 11. c3 Nxf3+ 12. Qxf3 h5 13. b4 Qc4 14. Bh3 d6 15. Bxg4 Bxg4 16. Qe3 Bh3 17. Re1 O-O 18. a4 a5 19. Ra3 axb4 20. cxb4 Qxb4 21. d3 Rxa4 22. Rxa4 Qxa4 23. Qg5 Bg4 24. Qe7 Qd4 25. Qxb7 c5 26. Qb3 Be6 27. Qa3 c4 28. dxc4 Qxc4 29. Qxd6 Qc3 30. Bd2 Qf3 31. Re3 Qf6 32. Bc3 Bh3 33. Qxe5 Qxe5 34. Bxe5 Rc8 35. Re1 f6 36. Bb2 Kh7 37. f4 Rc2 38. Ba3 Rg2+ 39. Kh1 Ra2 40. Bf8 Bg2+ 41. Kg1 Bf3 42. Bd6 Ra4 43. e5 fxe5 44. Bxe5 Kg6 45. Rc1 Kf5 46. Bxg7 Kg4 47. Ra1 Re4 48. Bc3 Kh3 49. Re1 Rc4 50. Be5 Rc2 51. f5 Rxh2 52. f6 Bd5 53. Rd1 Rh1+ 54. Kf2 Rxd1 55. Ke2 Rg1 56. Kf2 Rg2+ 57. Ke3 Rg1 58. Kf2 Rg2+ 59. Ke3 h4 60. gxh4 Kxh4 61. Kf4 Rg4+ 62. Ke3 Re4+ 63. Kd3 Rxe5 64. Kd4 Rh5 65. Kc5 Bf7+ 66. Kd6 Ba2 67. Ke7 Kg5 68. f7 Rh7 69. Ke8 Bxf7+ 70. Kf8 {White resigns} 0-1

[Event "FICS rated blitz game"]
[Site "FICS freechess.org"]
[FICSGamesDBGameNo "20003198"]
[White "arnaudsylvain"]
[Black "RLBS"]
[WhiteElo "1429"]
[BlackElo "1675"]
[WhiteRD "na"]
[BlackRD "na"]
[TimeControl "180+0"]
[Date "1999.10.28"]
[Time "11:29:00"]
[WhiteClock "0:03:00.000"]
[BlackClock "0:03:00.000"]
[ECO "A43"]
[PlyCount "72"]
[Result "0-1"]

1. d4 c5 2. d5 e6 3. c4 exd5 4. cxd5 d6 5. e4 g6 6. Nc3 Bg7 7. Bc4 Ne7 8. Bg5 O-O 9. Nf3 Bg4 10. Be2 Qd7 11. O-O a6 12. Re1 b5 13. Bd3 c4 14. Bc2 b4 15. Ne2 Bxf3 16. gxf3 Qh3 17. Bxe7 Re8 18. Bxd6 Nd7 19. Nf4 Qh4 20. Ng2 Qh3 21. Bxb4 Re5 22. Bc3 Rh5 23. Kf1 Rg5 24. Bxg7 Qxg2+ 25. Ke2 Kxg7 26. Qd4+ Ne5 27. f4 Qf3+ 28. Kd2 Qxf4+ 29. Re3 Rg2 30. Rf1 Re8 31. Kc3 Rxf2 32. Rxf2 Qxf2 33. b3 cxb3 34. Bxb3 Rc8+ 35. Bc4 Rxc4+ 36. Qxc4 Nxc4 {White forfeits on time} 0-1

[Event "FICS rated blitz game"]
[Site "FICS freechess.org"]
[FICSGamesDBGameNo "20003197"]
[White "Bulawayo"]
[Black "titanicOne"]
[WhiteElo "1500"]
[BlackElo "1436"]
[WhiteRD "na"]
[BlackRD "na"]
[TimeControl "120+12"]
[Date "1999.10.28"]
[Time "10:55:00"]
[WhiteClock "0:02:00.000"]
[BlackClock "0:02:00.000"]
[ECO "A03"]
[PlyCount "67"]
[Result "1-0"]

1. f4 d5 2. Nf3 c5 3. e3 Nc6 4. Bb5 Bd7 5. b3 a6 6. Bxc6 Bxc6 7. Ne5 Nf6 8. Bb2 e6 9. g4 Nd7 10. Nxc6 Qh4+ 11. Kf1 bxc6 12. Qf3 Nf6 13. Bxf6 Qxf6 14. c3 Bd6 15. g5 Qg6 16. d4 Kd7 17. h4 Qd3+ 18. Qe2 Qe4 19. Rg1 Raf8 20. Nd2 Qf5 21. Kf2 Ra8 22. Nf1 h6 23. Ng3 Qh7 24. Rh1 f6 25. gxf6 gxf6 26. Nh5 Qf7 27. Rag1 Rag8 28. Rxg8 Rxg8 29. Rg1 Rxg1 30. Kxg1 Qg6+ 31. Kf2 e5 32. fxe5 fxe5 33. Qf3 Ke6 34. Qh3+ {Black forfeits on time} 1-0

[Event "FICS rated blitz game"]
[Site "FICS freechess.org"]
[FICSGamesDBGameNo "20003195"]
[White "KingPins"]
[Black "DrKrause"]
[WhiteElo "1681"]
[BlackElo "1569"]
[WhiteRD "na"]
[BlackRD "na"]
[TimeControl "180+12"]
[Date "1999.10.28"]
[Time "10:46:00"]
[WhiteClock "0:03:00.000"]
[BlackClock "0:03:00.000"]
[ECO "A18"]
[PlyCount "84"]
[Result "1/2-1/2"]

1. c4 Nf6 2. Nc3 e6 3. e4 e5 4. Nf3 Nc6 5. d4 exd4 6. Nxd4 Bb4 7. Nxc6 bxc6 8. Bd2 O-O 9. Bd3 Re8 10. Qc2 d5 11. O-O Bxc3 12. Bxc3 dxc4 13. Bxc4 Nxe4 14. Rad1 Qg5 15. f4 Qc5+ 16. Bd4 Qe7 17. Be5 Nd6 18. Bd3 Bg4 19. Bxh7+ Kh8 20. Rde1 f6 21. Bc3 Qf7 22. Bg6 Qc4 23. Bxe8 Nxe8 24. Qg6 Qc5+ 25. Rf2 Bh5 26. Rxe8+ Rxe8 27. Qd3 Re2 28. Qd4 Qe7 29. h3 Rxf2 30. Qxf2 c5 31. Qh4 Qe3+ 32. Kh2 Qe2 33. Kg1 Kg8 34. g4 Bf7 35. Qf2 Qd1+ 36. Kh2 Bxa2 37. Qxc5 Qe2+ 38. Kg3 Qd3+ 39. Kh2 Qe2+ 40. Kg1 Bc4 41. Qf2 Qxf2+ 42. Kxf2 Kf7 {Game drawn by mutual agreement} 1/2-1/2

[Event "FICS rated lightning game"]
[Site "FICS freechess.org"]
[FICSGamesDBGameNo "20003193"]
[White "AlfilNegro"]
[Black "randomizer"]
[WhiteElo "1392"]
[BlackElo "1497"]
[WhiteRD "na"]
[BlackRD "na"]
[TimeControl "60+0"]
[Date "1999.10.28"]
[Time "09:49:00"]
[WhiteClock "0:01:00.000"]
[BlackClock "0:01:00.000"]
[ECO "A46"]
[PlyCount "65"]
[Result "1-0"]

1. d4 e6 2. Nf3 Nf6 3. Bg5 Be7 4. Nbd2 O-O 5. e3 h6 6. Bh4 d5 7. Bd3 Ne4 8. Bxe7 Qxe7 9. Nxe4 dxe4 10. Bxe4 Qb4+ 11. c3 Qxb2 12. O-O Qxc3 13. Rb1 Qa5 14. Ne5 f6 15. Nd3 f5 16. Bf3 c6 17. Nc1 Qc7 18. Nb3 e5 19. dxe5 Qxe5 20. Qc2 Be6 21. Be2 Nd7 22. Bd3 f4 23. e4 f3 24. g3 Bh3 25. Rfe1 Nf6 26. Bc4+ Kh8 27. Nd2 Rae8 28. Nxf3 Qe7 29. Rxb7 Qxb7 30. Rb1 Qc7 31. Nh4 Nxe4 32. Nf5 Bxf5 33. Bd3 {Black forfeits on time} 1-0

[Event "FICS rated blitz game"]
[Site "FICS freechess.org"]
[FICSGamesDBGameNo "20003192"]
[White "lenthemug"]
[Black "pitone"]
[WhiteElo "1718"]
[BlackElo "1754"]
[WhiteRD "na"]
[BlackRD "na"]
[TimeControl "300+0"]
[Date "1999.10.28"]
[Time "09:22:00"]
[WhiteClock "0:05:00.000"]
[BlackClock "0:05:00.000"]
[ECO "D93"]
[PlyCount "60"]
[Result "0-1"]

1. d4 Nf6 2. c4 g6 3. Nc3 d5 4. Bf4 Bg7 5. e3 c6 6. Qb3 O-O 7. Nf3 dxc4 8. Bxc4 b5 9. Bd3 Nbd7 10. a4 Nh5 11. axb5 Nxf4 12. exf4 cxb5 13. Nxb5 Qb6 14. Bc4 Bb7 15. d5 Nc5 16. Qc2 a6 17. Nc3 Qb4 18. Be2 Rac8 19. O-O Qxf4 20. Rfd1 Rfd8 21. Qd2 Qxd2 22. Rxd2 Nb3 23. Rdd1 Nxa1 24. Rxa1 Bxc3 25. bxc3 Rxc3 26. h3 Rxd5 27. Bxa6 Bxa6 28. Rxa6 Rd1+ 29. Kh2 Rc2 30. Kg3 Rf1 {White forfeits on time} 0-1

[Event "FICS rated blitz game"]
[Site "FICS freechess.org"]
[FICSGamesDBGameNo "20003190"]
[White "Pawnshop"]
[Black "PlaCCiD"]
[WhiteElo "1540"]
[BlackElo "1582"]
[WhiteRD "na"]
[BlackRD "na"]
[TimeControl "360+0"]
[Date "1999.10.28"]
[Time "08:45:00"]
[WhiteClock "0:06:00.000"]
[BlackClock "0:06:00.000"]
[ECO "C47"]
[PlyCount "59"]
[Result "1-0"]

1. e4 e5 2. Nf3 Nc6 3. d4 exd4 4. Nxd4 Nf6 5. Nc3 Bb4 6. Nxc6 bxc6 7. Qd4 Bxc3+ 8. bxc3 O-O 9. Bc4 d5 10. exd5 cxd5 11. Bd3 Re8+ 12. Be3 c6 13. O-O Be6 14. Qh4 Kf8 15. Bg5 Rb8 16. Bxf6 Qxf6 17. Qxh7 Qxc3 18. Qh8+ Ke7 19. Qh4+ Kd7 20. Qf4 Rb4 21. Qf3 Rh8 22. a3 Rbh4 23. h3 g5 24. Rfb1 g4 25. Qg3 Ke7 26. Rb7+ Kf6 27. Qf4+ Kg7 28. Qg5+ Kf8 29. Rb8+ Bc8 30. Rxc8# {Black checkmated} 1-0

[Event "FICS rated blitz game"]
[Site "FICS freechess.org"]
[FICSGamesDBGameNo "20003189"]
[White "Enrykov"]
[Black "paardmans"]
[WhiteElo "1531"]
[BlackElo "1404"]
[WhiteRD "na"]
[BlackRD "na"]
[TimeControl "240+0"]
[Date "1999.10.28"]
[Time "08:25:00"]
[WhiteClock "0:04:00.000"]
[BlackClock "0:04:00.000"]
[ECO "D15"]
[PlyCount "25"]
[Result "0-1"]

1. d4 d5 2. Nf3 Bf5 3. c4 c6 4. Nc3 Nf6 5. Bg5 e6 6. e3 Be7 7. Qb3 Qc7 8. Bf4 Qd7 9. Ne5 Qc8 10. cxd5 exd5 11. Be2 O-O 12. O-O Ne4 13. f3 {White resigns} 0-1

[Event "FICS rated standard game"]
[Site "FICS freechess.org"]
[FICSGamesDBGameNo "20003188"]
[White "Jylli"]
[Black "Warder"]
[WhiteElo "1504"]
[BlackElo "1642"]
[WhiteRD "na"]
[BlackRD "na"]
[TimeControl "1500+0"]
[Date "1999.10.28"]
[Time "08:22:00"]
[WhiteClock "0:25:00.000"]
[BlackClock "0:25:00.000"]
[ECO "B02"]
[PlyCount "62"]
[Result "0-1"]

1. e4 Nf6 2. Nc3 b6 3. f3 Ba6 4. Bxa6 Nxa6 5. d3 Nc5 6. Nge2 d5 7. exd5 Nxd5 8. d4 Nxc3 9. bxc3 Ne6 10. d5 Nc5 11. Rb1 g6 12. c4 h5 13. g4 hxg4 14. fxg4 Bh6 15. g5 Bg7 16. Rg1 Rxh2 17. Nd4 b5 18. Rxb5 Ne4 19. Bf4 e5 20. Be3 exd4 21. Bf4 Nf2 22. Qc1 a6 23. Bxh2 axb5 24. cxb5 Qxd5 25. Kxf2 Qe4 26. Qd1 Rxa2 27. Rg4 Rxc2+ 28. Kf1 Qh1+ 29. Bg1 Rb2 30. Qe1+ Kf8 31. Rf4 Qh3# {White checkmated} 0-1

[Event "FICS rated standard game"]
[Site "FICS freechess.org"]
[FICSGamesDBGameNo "20003183"]
[White "AntiQuercus"]
[Black "rajking"]
[WhiteElo "1797"]
[BlackElo "1746"]
[WhiteRD "na"]
[BlackRD "na"]
[TimeControl "600+12"]
[Date "1999.10.28"]
[Time "08:18:00"]
[WhiteClock "0:10:00.000"]
[BlackClock "0:10:00.000"]
[ECO "B20"]
[PlyCount "79"]
[Result "0-1"]

1. e4 c5 2. c4 Nc6 3. Nc3 Nf6 4. Nf3 d6 5. a3 Bg4 6. Be2 g6 7. d3 Bg7 8. Rb1 a5 9. Bd2 O-O 10. O-O a4 11. Na2 Bxf3 12. Bxf3 Nd4 13. Bc3 Nd7 14. Nc1 Nb8 15. e5 Bxe5 16. Bxb7 Ra7 17. Bf3 Nbc6 18. Ne2 Qb6 19. Bxc6 Nxc6 20. f4 Bd4+ 21. Bxd4 Nxd4 22. Nxd4 cxd4 23. Qd2 e5 24. Qf2 Qb3 25. Qf3 Rb7 26. Qe2 Re7 27. f5 Qb7 28. f6 Re6 29. Rf3 d5 30. Rg3 dxc4 31. Rf1 cxd3 32. Qxd3 Qxb2 33. Qf5 Qd2 34. h4 Kh8 35. Qb1 e4 36. Rf2 Qh6 37. Qb4 d3 38. Qxa4 e3 39. Rf4 e2 40. Qb4 {White resigns} 0-1

[Event "FICS rated lightning game"]
[Site "FICS freechess.org"]
[FICSGamesDBGameNo "20003182"]
[White "Terniaku(FM)"]
[Black "joner"]
[WhiteElo "2110"]
[BlackElo "1945"]
[WhiteRD "na"]
[BlackRD "na"]
[TimeControl "60+0"]
[Date "1999.10.28"]
[Time "07:29:00"]
[WhiteClock "0:01:00.000"]
[BlackClock "0:01:00.000"]
[ECO "E62"]
[PlyCount "73"]
[Result "1-0"]

1. d4 Nf6 2. Nf3 d6 3. g3 g6 4. Bg2 Bg7 5. O-O O-O 6. c4 Nc6 7. Nc3 e5 8. d5 Ne7 9. e4 Ne8 10. Bg5 f6 11. Be3 f5 12. Ng5 Nf6 13. exf5 gxf5 14. Qc1 Nh5 15. Ne6 Bxe6 16. dxe6 f4 17. Bd2 Ng6 18. Nd5 c6 19. Nb4 Qe7 20. c5 d5 21. Nxd5 cxd5 22. Bxd5 Rad8 23. Bb3 Kh8 24. g4 Qg5 25. f3 Nf6 26. Rf2 Nh4 27. Kh1 Rde8 28. Qg1 Re7 29. Re1 Rd8 30. Bc3 Rd3 31. Rxe5 Nxf3 32. Rxg5 Nxg4 33. Qxg4 Rc7 34. Rxg7 Rd1+ 35. Bxd1 h5 36. Rg8+ Kh7 37. Qg6# {Black checkmated} 1-0

[Event "FICS rated blitz game"]
[Site "FICS freechess.org"]
[FICSGamesDBGameNo "20003181"]
[White "slnko"]
[Black "Lader"]
[WhiteElo "1364"]
[BlackElo "1383"]
[WhiteRD "na"]
[BlackRD "na"]
[TimeControl "180+13"]
[Date "1999.10.28"]
[Time "06:54:00"]
[WhiteClock "0:03:00.000"]
[BlackClock "0:03:00.000"]
[ECO "B07"]
[PlyCount "124"]
[Result "0-1"]

1. e4 d6 2. d4 Nf6 3. f3 g6 4. Be3 Bg7 5. Nc3 Nc6 6. Bb5 O-O 7. Qd2 e5 8. d5 Nb4 9. a3 Na6 10. Bxa6 bxa6 11. Nge2 a5 12. O-O Ba6 13. Rfe1 Nh5 14. Ng3 Nxg3 15. hxg3 Rb8 16. b3 Qd7 17. Bxa7 Rb7 18. Be3 Rfb8 19. Rab1 c5 20. Na2 a4 21. b4 cxb4 22. Nxb4 Bb5 23. Rbc1 Rc7 24. c3 Rbc8 25. Na2 Bc4 26. Bb6 Rb7 27. Ba5 Bb3 28. Bb4 f5 29. Rb1 Rbc7 30. Nc1 Bc4 31. Ne2 Bf8 32. Rb2 Qb5 33. Bxd6 Qa6 34. Bxc7 Rxc7 35. Nc1 Kg7 36. Na2 Bxa3 37. Nb4 Qb6+ 38. Kh2 Bxb2 39. Qxb2 Bb3 40. Qd2 Qc5 41. Nc6 Rd7 42. Nxe5 Rd8 43. Nc6 Qxc6 44. Qd4+ Qf6 45. Qa7+ Kh6 46. Qe3+ g5 47. e5 Qe7 48. d6 Qe6 49. f4 g4 50. Qb6 Rd7 51. Rb1 Qe8 52. Rxb3 axb3 53. Qxb3 Ra7 54. Kg1 Ra1+ 55. Kf2 Kg7 56. Qb7+ Kg8 57. d7 Qd8 58. Qc8 Ra8 59. Qxd8+ Rxd8 60. e6 Kf8 61. e7+ Kxe7 62. Ke3 Rxd7 {White resigns} 0-1

[Event "FICS rated lightning game"]
[Site "FICS freechess.org"]
[FICSGamesDBGameNo "20003179"]
[White "kiyoshi"]
[Black "Marly"]
[WhiteElo "1438"]
[BlackElo "1554"]
[WhiteRD "na"]
[BlackRD "na"]
[TimeControl "60+0"]
[Date "1999.10.28"]
[Time "06:46:00"]
[WhiteClock "0:01:00.000"]
[BlackClock "0:01:00.000"]
[ECO "E32"]
[PlyCount "56"]
[Result "0-1"]

1. d4 e6 2. c4 Nf6 3. Nc3 Bb4 4. Qc2 b6 5. Bg5 Bb7 6. Nf3 O-O 7. Ne5 d6 8. Ng4 c5 9. Bxf6 gxf6 10. e3 Kh8 11. Bd3 Rg8 12. h3 Nd7 13. Bxh7 Rg7 14. Be4 Bxe4 15. Qxe4 f5 16. Qf4 Bxc3+ 17. bxc3 fxg4 18. hxg4+ Kg8 19. Qh6 Kf8 20. Qh8+ Rg8 21. Qh6+ Ke8 22. Qh7 Nf6 23. Qh6 Nxg4 24. Qh7 Nf6 25. Qh6 Qe7 26. O-O-O Kd7 27. dxc5 bxc5 28. Qh2 Rh8 {White forfeits on time} 0-1

[Event "FICS rated blitz game"]
[Site "FICS freechess.org"]
[FICSGamesDBGameNo "20003178"]
[White "arnaudsylvain"]
[Black "shrid"]
[WhiteElo "1417"]
[BlackElo "1406"]
[WhiteRD "na"]
[BlackRD "na"]
[TimeControl "180+0"]
[Date "1999.10.28"]
[Time "06:42:00"]
[WhiteClock "0:03:00.000"]
[BlackClock "0:03:00.000"]
[ECO "E76"]
[PlyCount "59"]
[Result "1-0"]

1. d4 Nf6 2. c4 g6 3. Nc3 Bg7 4. e4 d6 5. f4 O-O 6. Nf3 Bg4 7. Bd3 Nbd7 8. O-O e5 9. f5 exd4 10. Nd5 Nxd5 11. cxd5 Ne5 12. fxg6 fxg6 13. Be2 c5 14. Nxe5 dxe5 15. Bxg4 Qh4 16. g3 Qe7 17. b3 b5 18. a4 c4 19. bxc4 bxc4 20. Be6+ Kh8 21. Ba3 Rxf1+ 22. Qxf1 Qg5 23. d6 d3 24. Bxc4 d2 25. d7 Bf6 26. Be2 Rd8 27. Rd1 Qe3+ 28. Qf2 Qxa3 29. Qxf6+ Kg8 30. Bc4# {Black checkmated} 1-0

[Event "FICS rated blitz game"]
[Site "FICS freechess.org"]
[FICSGamesDBGameNo "20003177"]
[White "Zaupa"]
[Black "Mika"]
[WhiteElo "1688"]
[BlackElo "1960"]
[WhiteRD "na"]
[BlackRD "na"]
[TimeControl "180+0"]
[Date "1999.10.28"]
[Time "05:53:00"]
[WhiteClock "0:03:00.000"]
[BlackClock "0:03:00.000"]
[ECO "B30"]
[PlyCount "38"]
[Result "0-1"]

1. e4 c5 2. Nf3 Nc6 3. Bb5 Nf6 4. Qe2 e5 5. O-O d6 6. c3 Bd7 7. d4 a6 8. Bxc6 Bxc6 9. dxe5 Nxe4 10. exd6 Bxd6 11. Nbd2 f5 12. Nxe4 fxe4 13. Ng5 O-O 14. Qc4+ Kh8 15. Nf7+ Rxf7 16. Qxf7 Qh4 17. g3 Qh3 18. Be3 Rf8 19. Qe6 Qxe6 {White resigns} 0-1

[Event "FICS rated blitz game"]
[Site "FICS freechess.org"]
[FICSGamesDBGameNo "20003176"]
[White "arju"]
[Black "moodini"]
[WhiteElo "1599"]
[BlackElo "1502"]
[WhiteRD "na"]
[BlackRD "na"]
[TimeControl "180+0"]
[Date "1999.10.28"]
[Time "05:00:00"]
[WhiteClock "0:03:00.000"]
[BlackClock "0:03:00.000"]
[ECO "C01"]
[PlyCount "65"]
[Result "1-0"]

1. d4 e6 2. e4 d5 3. exd5 exd5 4. c4 Nf6 5. Bg5 Be7 6. Be2 h6 7. Be3 O-O 8. c5 c6 9. Nf3 Nbd7 10. Nc3 Re8 11. O-O b6 12. b4 Nf8 13. Ne5 Bb7 14. h3 N8d7 15. f4 Ne4 16. Nxe4 dxe4 17. Qc2 f5 18. Bh5 Rf8 19. Qc4+ Kh7 20. Bg6+ Kh8 21. Nf7+ Rxf7 22. Qxf7 Nf6 23. Bxf5 Qe8 24. Qb3 bxc5 25. bxc5 Ba6 26. Rfd1 Bd3 27. Rxd3 exd3 28. Qxd3 Nd5 29. Bd2 Qh5 30. Bg4 Qf7 31. Rf1 Bf6 32. f5 Re8 33. Bc1 {Black resigns} 1-0

[Event "FICS rated blitz game"]
[Site "FICS freechess.org"]
[FICSGamesDBGameNo "20003175"]
[White "KaiKai"]
[Black "bepo"]
[WhiteElo "1930"]
[BlackElo "1630"]
[WhiteRD "na"]
[BlackRD "na"]
[TimeControl "120+12"]
[Date "1999.10.28"]
[Time "04:20:00"]
[WhiteClock "0:02:00.000"]
[BlackClock "0:02:00.000"]
[ECO "B12"]
[PlyCount "41"]
[Result "1-0"]

1. e4 c6 2. d4 d5 3. f3 dxe4 4. fxe4 Nf6 5. Nc3 Bg4 6. Nf3 e6 7. Be2 Be7 8. O-O O-O 9. Be3 Nbd7 10. Qd2 c5 11. d5 exd5 12. exd5 Bd6 13. Rad1 a6 14. a4 b6 15. Ng5 Bxe2 16. Qxe2 Ne5 17. Nge4 Nxe4 18. Nxe4 h6 19. Bf4 Qc7 20. Nxd6 Qxd6 21. Qxe5 {Black resigns} 1-0